 Dungeon Crawl Stone Soup version 0.28.0-53-g5a82cb258f (webtiles) character file.

Game seed: 18082315294246922820

354 mortz the Conjurer (level 6, -4/45 HPs)
             Began as a Demigod Conjurer on May 26, 2022.
             Slain by Pikel
             ... wielding a +0 whip of flaming
              (12 damage)
             ... on level 4 of the Dungeon.
             The game lasted 00:15:18 (3894 turns).

mortz the Conjurer (Demigod Conjurer)               Turns: 3894, Time: 00:15:19

Health: -4/45      AC:  3    Str:  8    XL:     6   Next: 13%
Magic:  1/14       EV: 11    Int: 28    God:
Gold:   157        SH:  0    Dex: 12    Spells: 9/12 levels left

rFire   . . .      SeeInvis .   m - +1 flail (protect) {mace}
rCold   . . .      Faith    .   (no shield)
rNeg    . . .      Spirit   .   u - +0 leather armour
rPois   .          Reflect  .   (no helmet)
rElec   .          Harm     .   (no cloak)
rCorr   .          Rampage  .   (no gloves)
Will    .....                   (no boots)
Stlth   ++........              (no amulet)
HPRegen 0.15/turn               (no ring)
MPRegen 0.14/turn               (no ring)

@: no status effects
A: high MP 1, forlorn, divine attributes
a: no special abilities


You were on level 4 of the Dungeon.
You visited 1 branch of the dungeon, and saw 4 of its levels.

You collected 157 gold pieces.


Innate Abilities, Weirdness & Mutations

You have an increased reservoir of magic. (+10% MP)
You shall have no god before yourself.
Your divine heritage dramatically boosts your attributes as you level up.


   Skills:
 + Level 0.2 Fighting
 + Level 0.4 Short Blades
 + Level 0.1 Armour
 + Level 2.0 Dodging
 + Level 2.4 Stealth
 + Level 3.7 Spellcasting
 + Level 5.5 Conjurations


You had 9 spell levels left.
You knew the following spells:

 Your Spells              Type           Power      Damage    Failure   Level
a - Magic Dart            Conj           100%       1d8       1%          1
b - Searing Ray           Conj           72%        2d7       1%          2

Your spell library contained the following spells:

 Spells                   Type           Power      Damage    Failure   Level
 Dazzling Flash           Conj/Hex       40%        N/A       11%         3
 Fulminant Prism          Conj/Hex       10%        3d9       34%         4
 Iskenderun's Mystic Bla  Conj/Tloc      20%        2d6       34%         4

Inventory:

Hand Weapons
 c - a +0 short sword {short}
   (You took it off a kobold on level 1 of the Dungeon)
 m - a +1 flail of protection (weapon) {mace}
   (You found it on level 2 of the Dungeon)
Missiles
 d - 24 stones {throwing}
 g - 6 boomerangs {throwing}
 h - 3 atropa-tipped darts {throwing}
 o - 12 poisoned darts {throwing}
Armour
 a - a +0 robe
 u - a +0 leather armour (worn)
   (You found it on level 3 of the Dungeon)
 x - a +0 helmet
   (You took it off Robin on level 4 of the Dungeon)
Scrolls
 e - a scroll of noise {unknown}
 f - 2 scrolls of identify {@r1}
 i - a scroll of vulnerability {unknown}
 j - 2 scrolls of teleportation {unknown}
 l - a scroll of immolation {unknown}
 r - a scroll of magic mapping {unknown}
 s - a scroll of fear {unknown}
 t - a scroll of torment {unknown}
 w - a scroll of enchant weapon {unknown}
 y - a scroll of enchant armour {unknown}
Potions
 b - 3 potions of curing {@q1}
 k - a potion of invisibility {unknown}
 n - a potion of magic {unknown}
 p - a potion of ambrosia {unknown}
 q - a potion of might {unknown}
 v - a potion of attraction {unknown}

Dungeon Overview and Level Annotations

Branches:
Dungeon (4/15)
 Temple: D:4-7

Shops:
D:1 (

Annotations:
D:4 Eustachio, Pikel

#..ยง.ยง.#.........#
#.K#####.........#
#.>.....)........#
#...S)##.........#
#####.##.........#
#.##.........#
#5##.........#
#K######.#####
#@######.#
#.....##.#
#####)##.# #<.)..#
#..#### #########..#
#..).......#
#.#######>## #.# #.#


You could see Pikel, a lemure and a ball python (wandering).


Message History

๐Ÿ˜• HP[+6] MP[+6]
You regained 6 hp, and now have 42/45 hp.
Your mp is fully restored (14).
You start resting. ๐Ÿ˜Ž HP[+3]
Your hp is fully restored (45).
There is a stone staircase leading down here.
Pikel, Merchant of Souls comes into view.
He is wielding a +0 whip of flaming.
The lemure shouts!
You hear an angry hiss.
Aiming: Magic Dart (safe; 1% risk of failure)
Press: ? - help, Q - select action, (/) - cycle Shift-Dir - straight line, f - Pikel
Aim: Pikel, wielding a +0 whip of flaming and wearing a +0 robe (wandering, hasn't noticed you, 100% to hit)
The magic dart hits Pikel but does no damage.
Pikel shouts!
The lemure shouts! ๐Ÿ˜Ž MP[-1]
You lost 1 mp, and now have 13/14 mp. ๐Ÿ˜Ž MP[+1]
Your mp is fully restored (14).
Casting: Magic Dart (safe; 1% risk of failure)
Confirm with . or Enter, or press ? or * to list all spells.
Aiming: Searing Ray (safe; 1% risk of failure)
Press: ? - help, Shift-Dir - straight line, f/p - Pikel
Aim: Pikel, wielding a +0 whip of flaming and wearing a +0 robe (76% to hit)
The searing ray hits Pikel. (Press . to maintain the ray.) ๐Ÿ˜Ž MP[-2]
You lost 2 mp, and now have 12/14 mp.
The searing ray hits Pikel.
The searing ray hits the lemure. ๐Ÿ˜Ž MP[-1]
You lost 1 mp, and now have 11/14 mp.
The searing ray hits Pikel.
The searing ray hits the lemure. ๐Ÿ˜Ž MP[-1]
You lost 1 mp, and now have 10/14 mp.
The searing ray hits Pikel.
The searing ray hits the lemure!
You finish channelling your searing ray.
You hear a shout!
Pikel hits you with a +0 whip of flaming.
Pikel burns you. ๐Ÿ˜• HP[-7] MP[-1]
You take 7 damage, and now have 38/45 hp.
You lost 1 mp, and now have 9/14 mp.
Casting: Searing Ray (safe; 1% risk of failure)
Confirm with . or Enter, or press ? or * to list all spells.
Aiming: Searing Ray (safe; 1% risk of failure)
Press: ? - help, Shift-Dir - straight line, f/p - Pikel
Aim: Pikel, wielding a +0 whip of flaming and wearing a +0 robe (heavily wounded, 76% to hit)
The searing ray misses Pikel.
The searing ray hits the lemure! (Press . to maintain the ray.) Pikel hits you with a +0 whip of flaming.
Pikel burns you. ๐Ÿ˜ฎ HP[-6] MP[-2]
You take 6 damage, and now have 32/45 hp.
You lost 2 mp, and now have 7/14 mp.
The searing ray hits Pikel.
The searing ray hits the lemure!
You kill the lemure!
That felt strangely unrewarding.
Pikel hits you with a +0 whip of flaming.
Pikel burns you. ๐Ÿ˜ฎ HP[-4] MP[-1]
You take 4 damage, and now have 28/45 hp.
You lost 1 mp, and now have 6/14 mp.
The searing ray hits Pikel.
Pikel waves his whip at you. Pikel barely misses you.
The searing ray hits Pikel!
You finish channelling your searing ray.
Pikel hits you with a +0 whip of flaming.
Pikel burns you.
* * * LOW HITPOINT WARNING * * *
๐Ÿ˜จ HP[-6] MP[-1]
You take 6 damage, and now have 22/45 hp.
You lost 1 mp, and now have 5/14 mp.
Casting: Searing Ray (safe; 1% risk of failure)
Confirm with . or Enter, or press ? or * to list all spells.
Aiming: Searing Ray (safe; 1% risk of failure)
Press: ? - help, Shift-Dir - straight line, f/p - Pikel
Aim: Pikel, wielding a +0 whip of flaming and wearing a +0 robe (almost dead, 76% to hit)
The searing ray hits Pikel.
The searing ray hits the lemure! (Press . to maintain the ray.) Pikel hits you with a +0 whip of flaming.
* * * LOW HITPOINT WARNING * * *
Pikel burns you.
* * * LOW HITPOINT WARNING * * *
๐Ÿ˜จ HP[-7] MP[-2]
You take 7 damage, and now have 15/45 hp.
You lost 2 mp, and now have 3/14 mp.
The searing ray misses Pikel.
The searing ray hits the lemure!
Pikel hits you with a +0 whip of flaming.
* * * LOW HITPOINT WARNING * * *
Pikel burns you.
* * * LOW HITPOINT WARNING * * *
๐Ÿ˜ฑ HP[-7] MP[-1]
You take 7 damage, and now have 8/45 hp.
You lost 1 mp, and now have 2/14 mp.
The searing ray hits Pikel but does no damage.
The searing ray hits the lemure but does no damage.
A ball python comes into view.
Pikel hits you with a +0 whip of flaming!
You die...

Skill      XL: |  1  2  3  4 |
---------------+-------------+-----
Conjurations   | 4 5 |  5.5
Spellcasting   | 2 3 |  3.7
Stealth        | 2 |  2.4
Dodging        | 2 |  2.0
Fighting       | |  0.2
Short Blades   | |  0.4
Armour         | |  0.1

Action                   |  1- 3 |  4- 6 || total
-------------------------+-------+-------++-------
Melee: Short sword       |    11 |       ||    11
       Flail             |     3 |     1 ||     4
 Cast: Magic Dart        |    51 |    24 ||    75
       Searing Ray       |    23 |    22 ||    45
  Use: Scroll            |     1 |       ||     1
Armor: Robe              |     4 |       ||     4
       Leather armour    |       |     1 ||     1
Dodge: Dodged            |    18 |     6 ||    24

Levels and vault maps discovered:
D:1:      moated_graveyard_arrival, layout_rooms, serial_shops,
          nicolae_shop_bloodbath_and_beyond, shapermc_ecumenical_altar_gd
D:2:      minmay_inner_zag, layout_basic
D:3:      layout_basic, mainiacjoe_overflow_catwalk, guppyfry_early_orc_mine
D:4:      layout_loops_ring, lemuel_crystal_altar,
          nicolae_dithmenos_the_darkroom, uniq_robin, uniq_pikel, uniq_eustachio

Notes
Turn   | Place    | Note
-------+----------+-------------------------------------------
     0 | D:1      | mortz the Demigod Conjurer began the quest for the Orb.
     0 | D:1      | Reached XP level 1. HP: 14/14 MP: 5/5
     0 | D:1      | magus.rc [v1.9.6]
   264 | D:1      | Reached skill level 4 in Conjurations
   343 | D:1      | Reached XP level 2. HP: 13/20 MP: 1/7
   448 | D:1      | Learned a level 2 spell: Searing Ray
   682 | D:1      | Found Cetz's Weapon Boutique.
  1275 | D:2      | Reached skill level 2 in Spellcasting
  1275 | D:2      | Reached XP level 3. HP: 26/26 MP: 3/8
  2564 | D:3      | Reached skill level 2 in Stealth
  2620 | D:3      | Reached XP level 4. HP: 33/33 MP: 8/10
  3289 | D:4      | Noticed Eustachio
  3296 | D:4      | Noticed a black bear
  3311 | D:4      | Killed a black bear
  3312 | D:4      | Reached skill level 2 in Dodging
  3312 | D:4      | Reached skill level 3 in Spellcasting
  3312 | D:4      | Reached skill level 5 in Conjurations
  3312 | D:4      | Reached XP level 5. HP: 38/38 MP: 4/12
  3453 | D:4      | Noticed Robin
  3465 | D:4      | Killed Robin
  3671 | D:4      | Reached XP level 6. HP: 45/45 MP: 6/14
  3874 | D:4      | Noticed Pikel
  3893 | D:4      | HP: 10/45 [Pikel/+0 whip of flaming (5)]
  3894 | D:4      | Slain by Pikel

Vanquished Creatures
  A black bear (D:4)
  2 lemures (D:4)
  A phantom (D:4)
  A howler monkey (D:4)
  A hound skeleton (D:4)
  Robin (D:4)
  3 adders
  4 dart slugs
  2 worms
  4 orcs (D:3)
  4 endoplasms
  A giant cockroach (D:3)
  11 hobgoblins
  8 kobolds
  3 quokkas
  12 ball pythons
  5 bats
  3 frilled lizards
  9 goblins
  7 rats
83 creatures vanquished.

Vanquished Creatures (others)
  A plant (D:1)
1 creature vanquished.

Grand Total: 84 creatures vanquished

Table legend:
 A = Non-vault XP
 B = Vault XP
 C = Vault XP percentage of total XP
 D = Non-vault monster count
 E = Vault monster count
 F = Vault count percentage of total count
                 A         B        C        D         E       F
            +---------+---------+-------+---------+---------+-------
      Total |     450 |      57 |  11.2 |      60 |      21 |  25.9
            +---------+---------+-------+---------+---------+-------
        D:1 |      32 |       0 |   0.0 |      18 |       0 |   0.0
        D:2 |      38 |      10 |  20.8 |      15 |       5 |  25.0
        D:3 |      58 |      16 |  21.6 |      20 |       7 |  25.9
        D:4 |     322 |      31 |   8.8 |       7 |       9 |  56.2
            +---------+---------+-------+---------+---------+-------

Illustrated notes

Table legend:
 A = Kills in this place as a percentage of kills in entire the game.
 B = Kills by you in this place as a percentage of kills by you in the entire game.
 C = Kills by friends in this place as a percentage of kills by friends in the entire game.
 D = Other kills in this place as a percentage of other kills in the entire game.
 E = Experience gained in this place as a percentage of experience gained in the entire game.
 F = Experience gained in this place divided by the number of levels of this place that you have seen.
                   A       B       C       D       E      F
               +-------+-------+-------+-------+-------+----------------------
         Total | 100.0 | 100.0 |   N/A |   N/A | 100.0 | 126.8
       Dungeon | 100.0 | 100.0 |   N/A |   N/A | 100.0 | 126.8
               +-------+-------+-------+-------+-------+----------------------

Table legend: (Time is in decaauts)
 A = Elapsed time spent in this place.
 B = Non-inter-level travel time spent in this place.
 C = Inter-level travel time spent in this place.
 D = Time resting spent in this place.
 E = Time spent auto-exploring this place.
 F = Levels seen in this place.
 G = Mean time per level.
                   A        B        C        D        E       F      G
               +--------+--------+--------+--------+--------+-----+--------+
         Total |   3894 |   3817 |     77 |    460 |   2925 |   4 |  973.5 |
       Dungeon |   3894 |   3817 |     77 |    460 |   2925 |   4 |  973.5 |
               +--------+--------+--------+--------+--------+-----+--------+

Top non-repeatable levels by time:
     D:3: 1183 daAuts
     D:2: 1074 daAuts
     D:1: 1007 daAuts
     D:4: 629 daAuts
